 Dungeon Crawl Stone Soup version 0.22.0-1-g6561e4c (webtiles) character file.

866 Lew the Nimble (level 8, -7/54 HPs)
             Began as an Octopode Fighter on Aug 12, 2018.
             Mangled by an ice beast (14 damage)
             ... on level 5 of the Dungeon.
             The game lasted 00:10:15 (4496 turns).

Lew the Nimble (Octopode Fighter)                   Turns: 4496, Time: 00:10:15

Health: -7/54      AC:  3    Str: 15    XL:     8   Next: 3%
Magic:  8/8        EV: 15    Int: 15    God:
Gold:   231        SH: 10    Dex: 14    Spells: 7/7 levels left

rFire    . . .     SeeInvis .   a - +0 trident
rCold    . . .     Gourm    .   h - +1 shield
rNeg     . . .     Faith    .   m - +2 hat
rPois    .         Spirit   .   (no amulet)
rElec    .         Reflect  .   g - +5 ring of intelligence
rCorr    .         Harm     .   (no ring)
MR       +....                  (no ring)
Stlth    +++.......             (no ring)
HPRegen  0.18/turn              (no ring)
MPRegen  0.11/turn              (no ring)
                                (no ring)
                                (no ring)

@: no status effects
A: almost no armour, stealthy swim, amphibious, 8 rings, constrict 8, camouflage
1, magic resistance 1, sense surroundings 1, gelatinous body 1
a: no special abilities


You were on level 5 of the Dungeon.
You were not hungry.

You visited 1 branch of the dungeon, and saw 5 of its levels.

You collected 231 gold pieces.

Inventory:

Hand Weapons
 a - a +0 trident (weapon)
Armour
 h - a +1 shield (worn)
 m - a +2 hat (worn)
Jewellery
 g - a +5 ring of intelligence (left tentacle)
Wands
 k - a wand of iceblast (11)
Scrolls
 b - 4 scrolls of teleportation
 f - a scroll of amnesia
 i - a scroll of remove curse
 n - a scroll of identify
Potions
 c - a potion of might
 e - a potion of agility
 j - a potion of curing
 l - a potion of lignification {unknown}
 o - 2 potions of brilliance {unknown}
 p - a potion of heal wounds
Comestibles
 d - 6 rations


   Skills:
 + Level 3.8 Fighting
 * Level 3.8 Polearms
 - Level 8.0 Dodging
 + Level 3.0 Stealth
 - Level 3.0 Shields


You had 7 spell levels left.
You didn't know any spells.
Your spell library was empty.

Dungeon Overview and Level Annotations

Branches:
Dungeon (5/15)
 Temple: D:4-7

Altars:
Ashenzari


Innate Abilities, Weirdness & Mutations

You cannot wear most types of armour.
You are very stealthy in the water. (Stealth+)
You are amphibious.
You can wear up to eight rings at the same time.
You can use your tentacles to constrict eight enemies at once.
Your skin changes colour to match your surroundings (Stealth+).
Your rubbery body absorbs attacks. (AC +1, EV +1)
You are resistant to hostile enchantments. (MR+)
You passively map a small area around you.


Message History

A bullfrog skeleton comes into view.
You start resting.
An ice beast comes into view.
You closely miss the ice beast. You squeeze the ice beast!
The ice beast is moderately wounded.
You block the ice beast's attack.
You hit the ice beast.
The ice beast is moderately wounded.
The ice beast hits you. The ice beast freezes you.
You are too injured to fight recklessly!
You hit the ice beast.
The ice beast is heavily wounded.
The ice beast hits you. The ice beast freezes you!
* * * LOW HITPOINT WARNING * * *
You closely miss the ice beast.
The ice beast is heavily wounded.
The ice beast hits you.
* * * LOW HITPOINT WARNING * * *
The ice beast freezes you!
You die...

,, * #.#* *
* #.# * ,,
... ,, ###,
#.# . ,
.$.,... *#.
, ,
####.##.# ..
.......(# .#
, #.#..(#..#
, #..[Y@.>.#
#..[#))...#
,
#......>..#
, , *
,#...#.#...#
#>..#.#...#
, ,o..
#.#...#, , *
....,#.#.###
* , ... #.#


You could see an ice beast.

Vanquished Creatures
  3 ogres (D:4)
  A centaur (D:5)
  A scorpion (D:4)
  A howler monkey (D:4)
  A bullfrog zombie (D:5)
  A bullfrog skeleton (D:4)
  An orc wizard (D:3)
  Crazy Yiuf (D:2)
  4 worker ants
  Robin (D:2)
  7 gnolls
  5 adders
  2 oozes
  An adder skeleton (D:5)
  4 worms
  4 dart slugs
  4 leopard geckos
  12 orcs
  3 giant cockroaches
  10 goblins
  5 hobgoblins
  2 jackals (D:2)
  A ball python (D:5)
  4 bats
  3 frilled lizards
  11 kobolds
  A leopard gecko skeleton (D:4)
  9 rats
  2 fungi (D:2)
105 creatures vanquished.

Notes
Turn   | Place    | Note
-------+----------+-------------------------------------------
     0 | D:1      | Lew the Octopode Fighter began the quest for the Orb.
     0 | D:1      | Reached XP level 1. HP: 16/16 MP: 1/1
   394 | D:1      | Reached XP level 2. HP: 21/21 MP: 2/2
   745 | D:1      | Gained mutation: One of your tentacles bears a spike. [potion of mutation]
   745 | D:1      | Gained mutation: Your flesh is cold resistant. (rC+) [potion of mutation]
   976 | D:2      | Reached skill level 4 in Dodging
   990 | D:2      | Reached XP level 3. HP: 26/26 MP: 3/3
  1274 | D:2      | Noticed Robin
  1282 | D:2      | Killed Robin
  1282 | D:2      | Reached XP level 4. HP: 15/31 MP: 4/4
  1537 | D:2      | Reached skill level 5 in Dodging
  1770 | D:2      | Found a shattered altar of Ashenzari.
  1945 | D:2      | Found a runed door.
  1950 | D:2      | Noticed Crazy Yiuf
  1954 | D:2      | Killed Crazy Yiuf
  1954 | D:2      | Reached XP level 5. HP: 36/36 MP: 5/5
  1959 | D:2      | Lost mutation: One of your tentacles bears a spike. [potion of mutation]
  1959 | D:2      | Lost mutation: Your flesh is cold resistant. (rC+) [potion of mutation]
  1959 | D:2      | Gained mutation: You are clumsy. (Dex -2) [potion of mutation]
  1959 | D:2      | Gained mutation: One of your tentacles bears a spike. [potion of mutation]
  1959 | D:2      | Lost mutation: You are clumsy. (Dex -2) [potion of mutation]
  1960 | D:2      | Lost mutation: One of your tentacles bears a spike. [potion of mutation]
  1960 | D:2      | Gained mutation: You are resistant to hostile enchantments. (MR+) [potion of mutation]
  1960 | D:2      | Gained mutation: You passively map a small area around you. [potion of mutation]
  2082 | D:3      | Reached skill level 6 in Dodging
  2832 | D:4      | Reached XP level 6. HP: 42/42 MP: 6/6
  3182 | D:4      | Reached skill level 7 in Dodging
  3406 | D:4      | Reached XP level 7. HP: 43/46 MP: 7/7
  3645 | D:5      | Entered Level 5 of the Dungeon
  3658 | D:4      | Reached skill level 8 in Dodging
  3864 | D:4      | Reached skill level 1 in Stealth
  4417 | D:5      | Reached XP level 8. HP: 14/54 MP: 8/8
  4496 | D:5      | Mangled by an ice beast

Skill      XL: |  1  2  3  4  5  6  7  8 |
---------------+-------------------------+-----
Dodging        | 4 5 6 7 8 |  8.0
Stealth        | 2 3 |  3.0
Polearms       | 3 |  3.8
Fighting       | |  3.8
Shields        | |  3.0

Action                   |  1- 3 |  4- 6 |  7- 9 || total
-------------------------+-------+-------+-------++-------
Melee: Trident           |    64 |   171 |    60 ||   295
       Tentacles         |     6 |    22 |    12 ||    40
       Constrict         |    12 |    32 |     7 ||    51
       Kick              |    11 |    10 |       ||    21
  Use: Potion            |     3 |     5 |       ||     8
       Scroll            |     1 |     4 |       ||     5
 Stab: Sleeping          |    10 |     7 |       ||    17
  Eat: Chunk             |     1 |     2 |       ||     3
       Ration            |       |     2 |     1 ||     3
Armor: Skin              |     2 |    12 |     9 ||    23
Dodge: Dodged            |    12 |    67 |    54 ||   133
Block: Shield            |    12 |    71 |    43 ||   126
